 Dungeon Crawl Stone Soup version 0.29-a0-334-gb41bcbb86e (webtiles) character file.

Game seed: 7444761384017243189

3995 Laraso the Carver (level 10, -5/70 HPs)
             Began as a Demonspawn Gladiator on Apr 14, 2022.
             Was a Believer of Uskayaw.
             Slain by a two-headed ogre
             ... wielding a +0 giant club
              (10 damage)
             ... on level 9 of the Dungeon.
             The game lasted 00:13:55 (8217 turns).

Laraso the Carver (Demonspawn Gladiator)            Turns: 8217, Time: 00:13:56

Health: -5/70      AC: 11    Str: 20    XL:     10   Next: 3%
Magic:  6/12       EV: 11    Int: 10    God:    Uskayaw [**....]
Gold:   405        SH:  0    Dex: 19    Spells: 9/9 levels left

rFire   + . .      SeeInvis .   a - +0 scimitar
rCold   . . .      Faith    .   (no shield)
rNeg    . . .      Spirit   .   o - +1 scale mail
rPois   .          Reflect  .   w - +0 helmet
rElec   .          Harm     .   D - +0 cloak
rCorr   .          Rampage  .   (no gloves)
Will    .....                   (no boots)
Stlth   ..........              k - amulet of regeneration
HPRegen 1.01/turn               g - ring of protection from fire
MPRegen 0.26/turn               B - +6 ring of strength

@: no status effects
A: rugged brown scales 2, spiny 2, magic regeneration
a: Renounce Religion, Stomp, Line Pass


You were on level 9 of the Dungeon.
You worshipped Uskayaw.
Uskayaw was noncommittal.
You visited 2 branches of the dungeon, and saw 10 of its levels.
You also visited: Sewer.

You collected 405 gold pieces.

Inventory:

Hand Weapons
 a - a +0 scimitar (weapon)
 b - a +0 long sword of freezing
Missiles
 d - 3 throwing nets (quivered)
 e - a javelin
Armour
 o - a +1 scale mail (worn)
 w - a +0 helmet (worn)
 D - a +0 cloak (worn)
Jewellery
 g - a ring of protection from fire (left hand)
 k - an amulet of regeneration (around neck)
 x - a ring of fire
 A - a +6 ring of intelligence
 B - a +6 ring of strength (right hand)
 I - a +4 ring of evasion
Wands
 c - a wand of digging (8)
 m - a wand of polymorph (12)
 y - a wand of flame (12)
 F - a wand of paralysis (5)
Scrolls
 j - 4 scrolls of teleportation
 p - 2 scrolls of vulnerability
 v - 4 scrolls of fog
 z - a scroll of enchant armour
 E - a scroll of fear
 G - a scroll of amnesia
 H - 4 scrolls of identify
Potions
 f - 2 potions of attraction
 h - 3 potions of heal wounds
 i - 5 potions of mutation
 l - 7 potions of brilliance
 n - 2 potions of cancellation
 q - a potion of resistance {unknown}
 r - a potion of magic {unknown}
 s - a potion of ambrosia {unknown}
 t - 5 potions of curing
 u - a potion of might {unknown}
 C - a potion of haste


   Skills:
 - Level 2.0 Fighting
 * Level 13.2 Long Blades
 - Level 1.7 Throwing
 - Level 2.6 Dodging
 + Level 2.8 Invocations


You had 9 spell levels left.
You didn't know any spells.
Your spell library contained the following spells:

 Spells                   Type           Power      Damage    Failure   Level
 Gell's Gravitas          Tloc           0%         N/A       98%         3
 Ignite Poison            Fire/Tmut/Pois 0%         N/A       98%         3
 Mephitic Cloud           Conj/Pois/Air  0%         N/A       98%         3
 Teleport Other           Tloc           0%         N/A       98%         3
 Freezing Cloud           Conj/Ice/Air   0%         6-21      100%        5
 Dispersal                Tloc           0%         N/A       100%        6


Dungeon Overview and Level Annotations

Branches:
Dungeon (9/15)             Temple (1/1) D:7           Sewer (visited)
   Lair: D:8-11         Orc: D:9-12

Altars:
Ashenzari
Cheibriados
Dithmenos
Elyvilon
Fedhas
Gozag
Hepliaklqana
Kikubaaqudgha
Makhleb
Nemelex Xobeh
Okawaru
Qazlal
Ru
Sif Muna
Trog
Uskayaw
Vehumet
Wu Jian
Xom
Yredelemnul
Zin
The Shining One

Shops:
D:7 *

Annotations:
D:5 3 runed translucent doors, Juicyj's ghost, amateur TrGl


Innate Abilities, Weirdness & Mutations

You are mostly covered in rugged brown scales. (AC +2, +5% HP)
You are mostly covered in sharp spines.
You regenerate magic rapidly.


Message History

You catch the helpless two-headed ogre completely off-guard!
You slash the two-headed ogre!
The two-headed ogre is heavily wounded.
You can now pass through a line of other dancers.
You slash the two-headed ogre!
You punch the two-headed ogre, but do no damage.
The two-headed ogre is heavily wounded.
The two-headed ogre struggles against the net.
The net rips apart, and the two-headed ogre comes free!
Okay, then.
You hit the two-headed ogre.
The two-headed ogre is severely wounded.
The two-headed ogre is struck by your spines.
The two-headed ogre hits you with a +0 giant club!! x2
Uskayaw will force your foes to helplessly watch your dance.
Uskayaw prepares the audience for your solo!
Unknown command.
Okay, then.
The helpless two-headed ogre fails to defend itself.
You hit the two-headed ogre.
The two-headed ogre is severely wounded.
The shadow is no longer paralysed.
The two-headed ogre is no longer paralysed.
You stomp with the beat, sending a shockwave through the revellers around you!
The shadow is moderately damaged.
The two-headed ogre is almost dead.
The two-headed ogre hits you with a +0 giant club.
The two-headed ogre hits you with a +0 giant club!
* * * LOW HITPOINT WARNING * * *
The shadow hits you.
* * * LOW HITPOINT WARNING * * *
Unknown command.
You stomp with the beat, sending a shockwave through the revellers around you!
The shadow is severely damaged.
The two-headed ogre is almost dead.
The shadow hits you.
* * * LOW HITPOINT WARNING * * *
The two-headed ogre hits you but does no damage.
The two-headed ogre hits you with a +0 giant club!
You die...

....# #...# #...#######
#....>.... #.......#
.########.......#
................#
................#
.........######@#
.........# #WO......
.........# #........
.#######.# #........
##.....#.# #........
.......'.# #.......#
.......#.######.....###
.......#............#
.......#......##


You could see a two-headed ogre and a shadow.

Vanquished Creatures
  Joseph (D:8)
  Maggie (D:7)
  Prince Ribbit (D:6)
  A steam dragon (D:6)
  2 water moccasins (D:7)
  An orc warrior (D:6)
  2 sky beasts (D:7)
  2 black bears
  5 centaurs
  A phantom (D:5)
  6 bullfrogs
  3 scorpions
  3 wights (D:8)
  A howler monkey (D:8)
  6 hounds
  9 orc priests
  A gnoll shaman (D:3)
  An iguana (D:7)
  Natasha (twice) (D:2)
  5 orc wizards
  Terence (D:2)
  Robin (D:3)
  12 adders
  8 gnolls
  5 river rats (Sewer)
  A shadow imp (D:5)
  2 ufetubi (D:5)
  2 worms
  3 dart slugs
  18 orcs
  11 endoplasms
  9 giant cockroaches
  11 goblins
  10 hobgoblins
  15 jackals
  11 quokkas
  16 ball pythons
  8 bats
  10 frilled lizards
  4 kobolds
  29 rats
241 creatures vanquished.

Vanquished Creatures (others)
  An adder (D:6)
  17 plants (D:1)
18 creatures vanquished.

Grand Total: 259 creatures vanquished

Notes
Turn   | Place    | Note
-------+----------+-------------------------------------------
     0 | D:1      | Laraso the Demonspawn Gladiator began the quest for the
                  | Orb.
     0 | D:1      | Reached XP level 1. HP: 16/16 MP: 1/1
    73 | D:1      | Reached skill level 3 in Long Blades
    87 | D:1      | Gained mutation: You are partially covered in rugged brown
                  | scales. (AC +1, +3% HP) [demonic ancestry]
    87 | D:1      | Reached XP level 2. HP: 12/22 MP: 2/2
   325 | D:1      | Found a faded altar of an unknown god.
   569 | D:1      | Gained mutation: You are partially covered in sharp spines.
                  | [demonic ancestry]
   569 | D:1      | Reached XP level 3. HP: 27/27 MP: 3/3
   620 | D:1      | Reached skill level 4 in Long Blades
  1542 | D:2      | Noticed Natasha
  1547 | D:2      | Killed Natasha
  1548 | D:2      | Gained mutation: You regenerate magic rapidly. [demonic
                  | ancestry]
  1548 | D:2      | Reached XP level 4. HP: 33/33 MP: 4/4
  1840 | D:2      | Found a basalt altar of Yredelemnul.
  1840 | D:2      | Noticed Terence
  1852 | D:2      | Killed Terence
  1853 | D:2      | Reached skill level 5 in Long Blades
  2179 | D:2      | Noticed Natasha
  2187 | D:2      | Killed Natasha
  2188 | D:2      | Gained mutation: You are mostly covered in sharp spines.
                  | [demonic ancestry]
  2188 | D:2      | Reached XP level 5. HP: 29/39 MP: 5/5
  2454 | D:3      | Found a glowing drain.
  2467 | Sewer    | Entered a sewer
  2657 | Sewer    | Reached skill level 6 in Long Blades
  2820 | Sewer    | Reached XP level 6. HP: 45/45 MP: 6/6
  3145 | D:3      | Reached skill level 7 in Long Blades
  3364 | D:3      | Noticed Robin
  3370 | D:3      | Killed Robin
  3998 | D:3      | Gained mutation: You are mostly covered in rugged brown
                  | scales. (AC +2, +5% HP) [demonic ancestry]
  3998 | D:3      | Reached XP level 7. HP: 43/52 MP: 7/7
  4101 | D:3      | Reached skill level 8 in Long Blades
  4718 | D:5      | Entered Level 5 of the Dungeon
  4838 | D:5      | Found a runed translucent gate.
  4838 | D:5      | Found a runed translucent gate.
  4838 | D:5      | Found a runed translucent gate.
  4844 | D:5      | Reached skill level 9 in Long Blades
  4844 | D:5      | Reached XP level 8. HP: 58/58 MP: 8/8
  4873 | D:5      | Noticed Juicyj's ghost (amateur TrGl)
  4891 | D:5      | Found a burning altar of Makhleb.
  5552 | D:6      | Reached skill level 10 in Long Blades
  5641 | D:6      | Noticed Prince Ribbit
  5653 | D:6      | Killed Prince Ribbit
  5813 | D:6      | Reached skill level 11 in Long Blades
  5919 | D:6      | Reached XP level 9. HP: 57/64 MP: 9/9
  6121 | D:7      | Noticed Maggie
  6132 | D:7      | Killed Maggie
  6150 | D:7      | Found a staircase to the Ecumenical Temple.
  6186 | Temple   | Entered the Ecumenical Temple
  6360 | Temple   | Became a worshipper of Uskayaw the Reveller
  6412 | D:7      | Reached * piety under Uskayaw
  6417 | D:7      | Reached ** piety under Uskayaw
  6477 | D:7      | HP: 3/64 [orc warrior/+1 dire flail of protection (5)]
  6617 | D:7      | Reached skill level 12 in Long Blades
  6869 | D:7      | Found Bialulosh's Lightly-Used Armoury.
  7286 | D:8      | Reached *** piety under Uskayaw
  7288 | D:8      | Reached **** piety under Uskayaw
  7665 | D:8      | Reached skill level 13 in Long Blades
  7665 | D:8      | Reached skill level 1 in Invocations
  7758 | D:8      | Noticed Joseph
  7768 | D:8      | Killed Joseph
  7820 | D:8      | Reached XP level 10. HP: 70/70 MP: 11/11
  8203 | D:9      | Noticed a two-headed ogre
  8217 | D:9      | Slain by a two-headed ogre

Illustrated notes

Levels and vault maps discovered:
D:1:      eino_arrival_tree_alley, layout_loops_ring,
          ebering_ecumenical_altar_hall, st_stairs_8, minmay_tiny_reverse_x
D:2:      layout_loops_corners, basic_altar, uniq_natasha, uniq_terence
D:3:      layout_basic, gup_sewer_entry_pipe, minmay_misc_feat_x,
          chequers_decorated_corner, minmay_distorted, uniq_robin
D:4:      layout_cave_pools
D:5:      layout_gridville, mainiacjoe_overflow_surrounded_room,
          gammafunk_ghost_icy, serial_glass, glass_columns_a, glass_columns_a,
          glass_columns_a, glass_columns_a, glass_columns_a, glass_columns_a,
          due_unseen_surprise, feat_on_display, item_on_display_a,
          minmay_strange_pillars
D:6:      layout_basic, uniq_prince_ribbit1
D:7:      layout_gridville, minmay_temple_entry_glass, serial_park_tiny_pond,
          minmay_shop_damaged, uniq_maggie
D:8:      layout_loops_corners, uniq_joseph
D:9:      layout_irregular_city, enter_bailey_8, nicolae_figureground_pulse
Temple:   minmay_crystal_snake_temple

Skill      XL: |  1  2  3  4  5  6  7  8  9 |
---------------+----------------------------+-----
Long Blades    | 3 4 5 6 7 9 11 13 | 13.2
Invocations    | 2 |  2.8
Fighting       | |  2.0
Throwing       | |  1.7
Dodging        | |  2.6

Action                   |  1- 3 |  4- 6 |  7- 9 | 10-12 || total
-------------------------+-------+-------+-------+-------++-------
Melee: Long sword        |   102 |    89 |       |       ||   191
       Punch             |     1 |     2 |     4 |     1 ||     8
       Unarmed           |       |     8 |       |       ||     8
       Scimitar          |       |    31 |   236 |    12 ||   279
Throw: Throwing net      |       |       |     1 |     1 ||     2
Invok: Stomp             |       |       |       |     2 ||     2
  Use: Scroll            |     6 |     6 |     8 |       ||    20
       Potion            |       |       |     2 |       ||     2
 Stab: Sleeping          |     2 |       |       |       ||     2
       Paralysed         |       |       |     4 |     2 ||     6
       Held in net/web   |       |       |       |     2 ||     2
Armor: Leather armour    |    23 |       |       |       ||    23
       Ring mail         |     3 |     5 |       |       ||     8
       Scale mail        |       |    42 |   125 |     2 ||   169
       Skin              |       |     3 |       |       ||     3
Dodge: Dodged            |    76 |    60 |   111 |     3 ||   250

Table legend: (Time is in decaauts)
 A = Elapsed time spent in this place.
 B = Non-inter-level travel time spent in this place.
 C = Inter-level travel time spent in this place.
 D = Time resting spent in this place.
 E = Time spent auto-exploring this place.
 F = Levels seen in this place.
 G = Mean time per level.
                   A        B        C        D        E       F      G
               +--------+--------+--------+--------+--------+-----+--------+
         Total |   8283 |   7775 |    508 |    733 |   5446 |  11 |  753.0 |
       Dungeon |   7458 |   7007 |    451 |    380 |   5278 |   9 |  828.7 |
        Temple |    216 |    159 |     57 |      0 |    140 |   1 |  216.0 |
         Sewer |    608 |    608 |      0 |    353 |     28 |   1 |  608.0 |
               +--------+--------+--------+--------+--------+-----+--------+

Top non-repeatable levels by time:
     D:1: 1270 daAuts
     D:3: 1248 daAuts
     D:2: 1164 daAuts
     D:8: 954 daAuts
     D:7: 880 daAuts
     D:5: 781 daAuts
   Sewer: 608 daAuts
     D:6: 602 daAuts
     D:4: 524 daAuts
  Temple: 216 daAuts
     D:9: 31 daAuts
